Map: Eternal Empire LE

Players

liquidthermy (uThermal) - Winner!

  • Race: Terran Terran
  • Spawn Location: 1:00

HeroMarine

  • Race: Terran Terran
  • League: Master
  • Spawn Location: 7:00

Event: DreamHack SC2 Masters 2020 Summer Europe

VOD

Have the link to the VOD?

Description

Time

  • Played on: July 11, 2020, 10:30 a.m.
  • Length: 17:41

All games in this series

Show
View Real Time Build Order
Export as new Build Order

liquidthermy Terran - Winner!

Build Orders: Gas First Reaper Expand 

Get SALT Encoding   

  12  0:02  SCV  
  13  0:14  SCV  
  13  0:17  Supply Depot  
  14  0:26  SCV  
  15  0:28  Refinery  
  15  0:39  SCV  
  16  0:45  Barracks  
  16  0:51  SCV  
  17  1:03  SCV  
  18  1:15  SCV  
  19  1:33  Reaper, Orbital Command  
  20  1:56  Command Center  
  20  2:00  SCV  
  21  2:03  Factory  
  21  2:07  Barracks Reactor  
  21  2:12  SCV  
  22  2:19  Supply Depot  
  22  2:24  SCV  
  22  2:25  Refinery  
  23  2:40  SCV  
  23  2:48  Starport  
  23  2:52  SCV, Hellion  
  23  2:53  Hellion  
  28  3:04  SCV  
  29  3:07  Orbital Command  
  29  3:14  Hellion x2  
  29  3:16  SCV  
  34  3:28  SCV  
  34  3:29  Fusion Core  
  34  3:33  SCV  
  36  3:40  SCV, Refinery, Starport Tech Lab  
  37  3:41  Factory Tech Lab  
  37  3:45  SCV  
  38  3:50  Marine x2  
  38  3:52  SCV, Supply Depot  
  41  3:57  SCV  
  42  4:04  SCV  
  42  4:09  SCV  
  44  4:17  SCV, Battlecruiser  
  45  4:21  Supply Depot  
  45  4:22  SCV  
  52  4:25  Marine x2  
  54  4:38  SCV  
  54  4:43  SCV, Siege Tank  
  58  4:49  Command Center  
  58  4:50  SCV  
  59  4:54  Marine x2  
  59  4:57  SCV, Supply Depot  
  62  5:18  SCV x2, Siege Tank  
  68  5:28  Barracks  
  67  5:29  Barracks  
  67  5:30  SCV x2  
  67  5:32  Starport Reactor  
  67  5:35  Marine  
  65  5:36  Stimpack  
  64  5:42  SCV x2  
  64  5:43  Refinery  
  64  5:44  Engineering Bay x2  
  64  5:50  Siege Tank  
  64  5:53  Marine  
  64  5:54  SCV x2  
  64  5:57  Supply Depot  
  70  6:07  SCV x2  
  72  6:11  Terran Infantry Weapons Level 1, Terran Infantry Armor Level 1  
  72  6:12  Marine  
  73  6:18  Starport Reactor  
  73  6:19  SCV x2  
  73  6:20  Marine x2  
  73  6:22  Siege Tank  
  73  6:23  Orbital Command, Marine x2  
  82  6:31  SCV  
  82  6:32  Supply Depot, Marine  
  83  6:38  SCV  
  85  6:40  Marine x2, Barracks  
  85  6:42  Barracks  
  85  6:46  Supply Depot  
  87  6:47  Marine  
  87  6:48  Marine  
  87  6:51  SCV  
  90  6:54  Siege Tank  
  90  6:55  Supply Depot  
  90  6:56  Medivac  
  90  6:58  Medivac  
  90  7:00  SCV x2, Marine  
  100  7:04  SCV, Supply Depot  
  101  7:11  Marine x2  
  101  7:12  SCV, Armory  
  101  7:14  SCV, Marine  
  106  7:16  SCV  
  106  7:21  Refinery  
  107  7:22  Refinery  
  107  7:24  SCV, Marine  
  107  7:26  Medivac  
  107  7:27  SCV  
  107  7:28  Medivac  
  115  7:30  Barracks Reactor, Sensor Tower  
  115  7:34  SCV, Marine  
  115  7:36  Marine x2  
  117  7:38  SCV  
  117  7:40  SCV, Marine  
  117  7:43  Marine  
  122  7:46  SCV  
  122  7:47  Combat Shield  
  122  7:50  SCV, Barracks Reactor  
  117  7:52  SCV, Marine  
  117  7:54  Marine x2  
  117  7:56  Medivac  
  117  7:58  SCV, Marine  
  115  8:01  Marine  
  115  8:02  SCV  
  115  8:04  SCV  
  109  8:10  Marine  
  109  8:11  Marine x2  
  109  8:12  Marine x2  
  110  8:15  Marine  
  110  8:17  Command Center  
  110  8:18  Marine  
  110  8:19  Terran Infantry Weapons Level 2  
  109  8:20  Terran Infantry Armor Level 2  
  109  8:24  Missile Turret x2  
  109  8:25  Missile Turret  
  109  8:26  Marine  
  108  8:28  Marine, Siege Tank  
  108  8:29  Marine  
  108  8:30  Marine  
  108  8:31  Marine x2  
  117  8:34  Medivac  
  117  8:37  Marine  
  117  8:38  Supply Depot  
  117  8:41  Terran Vehicle Weapons Level 1, Marine  
  119  8:42  Marine  
  119  8:44  Marine  
  119  8:46  Marine  
  123  8:50  Marine  
  123  8:52  Marine  
  125  8:57  Supply Depot  
  125  8:58  Supply Depot  
  125  8:59  Medivac, Marine x3  
  125  9:00  Siege Tank  
  133  9:03  Supply Depot  
  133  9:04  Supply Depot  
  133  9:15  Supply Depot x2  
  133  9:19  Medivac, Marine x6  
  133  9:21  Factory  
  133  9:22  Marine x2  
  143  9:27  Marine  
  143  9:30  Supply Depot  
  144  9:34  SCV  
  144  9:36  Marine x5  
  144  9:38  Medivac  
  152  9:39  Marine x2  
  152  9:42  SCV  
  152  9:43  Marine  
  152  9:45  Marine  
  157  9:46  SCV x2  
  159  9:54  Marine x3  
  159  9:56  Marine  
  159  9:58  Marine x2  
  159  9:59  Marine  
  153  10:00  Medivac  
  153  10:01  Marine  
  153  10:03  Marine  
  153  10:04  SCV, Siege Tank  
  153  10:06  SCV  
  159  10:09  Planetary Fortress  
  159  10:11  Factory Tech Lab  
  159  10:12  Marine x3  
  159  10:13  SCV  
  159  10:14  Marine  
  164  10:15  Marine  
  164  10:16  Marine  
  164  10:17  SCV, Marine  
  164  10:18  SCV  
  169  10:23  Marine x2  
  169  10:24  Medivac, Missile Turret  
  173  10:30  Marine x3  
  173  10:31  Marine  
  173  10:32  Siege Tank  
  173  10:33  Marine  
  173  10:35  Medivac  
  183  10:36  SCV x3  
  183  10:40  Marine  
  187  10:45  Marine  
  187  10:46  Marine  
  187  10:47  Terran Infantry Weapons Level 3  
  189  10:50  Terran Infantry Armor Level 3  
  188  10:57  Marine x2  
  188  10:58  Marine  
  188  10:59  Medivac, Marine  
  169  11:05  Medivac, Marine  
  169  11:09  Marine  
  169  11:10  Marine  
  169  11:11  Marine  
  144  11:12  Marine  
  144  11:15  Marine  
  144  11:16  Marine x2  
  143  11:19  Marine  
  143  11:21  Siege Tank  
  143  11:23  Marine  
  141  11:27  Marine x2  
  141  11:28  Marine  
  141  11:29  Medivac  
  141  11:30  Marine  
  140  11:33  Marine x2  
  140  11:34  Marine  
  140  11:35  Medivac, Command Center  
  140  11:37  Marine  
  141  11:41  Marine  
  141  11:45  Marine x2  
  141  11:46  Marine  
  137  11:48  Marine  
  137  11:51  Terran Vehicle Weapons Level 2, Marine x3  
  141  11:54  Siege Tank  
  141  11:55  Marine, Siege Tank  
  141  11:56  SCV  
  141  11:57  SCV  
  141  11:58  SCV, Marine  
  141  11:59  Medivac  
  154  12:03  Marine x2  
  154  12:04  Marine  
  154  12:06  Marine  
  158  12:08  Marine  
  158  12:09  Marine x2  
  158  12:13  Marine  
  162  12:16  Marine  
  162  12:21  Marine x2  
  165  12:23  Marine  
  165  12:25  Marine  
  165  12:26  Marine, Barracks  
  165  12:27  Marine x2, Siege Tank  
  165  12:28  Barracks x2  
  170  12:30  Marine  
  170  12:34  Marine  
  172  12:39  Marine x2, Siege Tank  
  172  12:41  Marine  
  172  12:42  Medivac x2  
  172  12:43  Marine  
  183  12:44  Marine  
  183  12:45  Marine x2  
  183  12:48  Marine  
  187  12:55  Marine  
  187  12:58  Marine  
  188  13:00  Command Center  
  188  13:03  Marine  
  189  13:06  Planetary Fortress  
  189  13:07  Marine  
  189  13:08  Sensor Tower  
  189  13:10  Marine  
  189  13:12  Marine, Siege Tank x2  
  198  13:17  Marine  
  198  13:18  Marine  
  192  13:21  Marine x3  
  192  13:24  Missile Turret  
  193  13:28  Marine  
  193  13:29  Hi-Sec Auto Tracking, Neosteel Armor  
  194  13:34  Marine x2  
  194  13:38  Marine x2  
  194  13:39  Marine  
  194  13:40  Marine  
  200  13:42  Marine  
  199  13:56  Marine  
  200  14:11  Advanced Ballistics  
  200  14:13  Starport  
  200  14:15  Starport  
  200  14:22  Marine  
  200  14:24  Marine x2  
  168  14:25  Marine  
  168  14:26  Marine x7  
  168  14:29  Viking  
  168  14:30  Viking, Marine  
  177  14:36  Starport  
  177  14:38  Starport  
  177  14:40  Marine  
  177  14:41  SCV  
  177  14:42  Command Center, Marine x2  
  177  14:43  Command Center, Marine  
  177  14:44  Marine x3  
  184  14:46  Marine  
  184  14:47  Marine  
  184  14:52  Marine  
  158  15:00  Marine  
  158  15:01  Viking, Marine  
  158  15:02  Marine  
  158  15:03  Marine x2  
  158  15:04  Marine  
  158  15:05  Siege Tank  
  158  15:06  Viking  
  158  15:07  Marine x3, Siege Tank  
  166  15:08  Marine  
  166  15:11  Marine x2  
  173  15:18  Marine x2  
  173  15:20  Marine  
  174  15:23  Marine  
  174  15:24  Marine  
  174  15:25  Marine  
  174  15:28  Marine  
  169  15:31  Marine  
  169  15:33  Marine  
  169  15:34  Marine  
  169  15:35  Viking x2, Marine  
  166  15:36  Marine  
  166  15:37  Marine x2, Siege Tank  
  166  15:38  Marine  
  166  15:39  Siege Tank  
  166  15:41  Marine x2  
  167  15:43  Marine  
  167  15:44  Orbital Command  
  167  15:45  SCV  
  167  15:46  Marine  
  167  15:49  Marine  
  170  15:51  Marine  
  167  16:01  Marine x3  
  162  16:06  Viking x2  
  162  16:09  Siege Tank, Liberator  
  172  16:11  Siege Tank  
  172  16:17  Liberator  
  172  16:18  Marine x2  
  163  16:19  Marine x2  
  163  16:20  Marine  
  163  16:22  Marine x2  
  163  16:23  Marine  
  169  16:27  Orbital Command  
  169  16:28  Marine  
  169  16:29  Marine  
  169  16:32  Marine  
  172  16:40  Marine x3  
  172  16:41  Marine x2, Siege Tank  
  172  16:43  Siege Tank  
  172  16:44  Marine  
  172  16:45  Marine  
  185  16:48  Marine  
  186  16:54  Viking  
  186  16:56  Viking, Marine  
  186  16:59  Marine  
  186  17:01  Marine x2  
  192  17:03  Marine x2  
  192  17:05  Marine x2  
  198  17:12  Marine  
  198  17:15  Marine  
  196  17:16  Marine  
  196  17:17  Marine x2  
  196  17:19  Marine  
  196  17:21  Marine  
Show
View Real Time Build Order
Export as new Build Order

HeroMarine Terran 

Build Orders: Reaper Expand 

Get SALT Encoding   

  12  0:00  SCV  
  13  0:13  SCV  
  14  0:17  Supply Depot  
  14  0:25  SCV  
  15  0:38  SCV  
  15  0:40  Barracks  
  16  0:44  Refinery  
  16  0:50  SCV  
  17  1:03  SCV  
  18  1:19  SCV  
  19  1:28  Reaper  
  19  1:31  Orbital Command  
  20  1:44  Command Center  
  20  1:56  SCV  
  20  1:59  Marine  
  22  2:06  Supply Depot  
  22  2:08  SCV  
  22  2:12  Factory  
  23  2:20  Barracks Reactor  
  23  2:22  Refinery  
  23  2:28  SCV  
  24  2:40  SCV  
  25  2:52  SCV  
  25  2:56  Hellion, Starport  
  25  2:57  Marine x2  
  30  3:03  Orbital Command  
  30  3:04  SCV  
  31  3:11  Bunker  
  31  3:16  SCV, Marine  
  31  3:17  Marine, Factory Tech Lab  
  34  3:28  SCV x2  
  34  3:32  Supply Depot  
  34  3:33  Starport Tech Lab  
  36  3:34  Marine  
  36  3:35  Marine  
  41  3:41  Cyclone  
  41  3:45  SCV x2  
  43  3:53  Marine x2  
  44  3:57  Raven  
  44  3:58  SCV x2  
  44  4:01  Supply Depot  
  48  4:10  SCV x2  
  52  4:22  SCV, Siege Tank  
  52  4:23  SCV  
  55  4:26  Command Center  
  55  4:32  Supply Depot  
  55  4:36  SCV x2  
  59  4:43  Barracks  
  57  4:47  Starport Reactor, Barracks  
  57  4:48  Marine  
  57  4:50  Stimpack  
  58  4:53  SCV x2  
  58  4:58  Refinery  
  58  4:59  Refinery  
  60  5:05  SCV x2  
  60  5:06  Marine  
  63  5:10  Supply Depot  
  65  5:17  SCV x2  
  67  5:24  Viking, Cyclone, Marine  
  70  5:31  Viking  
  69  5:37  SCV x2  
  67  5:46  Marine  
  67  5:47  Marine  
  67  5:48  Barracks Tech Lab  
  67  5:49  SCV x2  
  71  5:53  Orbital Command  
  71  5:57  Viking  
  71  6:01  SCV, Viking  
  71  6:02  SCV  
  77  6:05  Marine x2  
  77  6:09  Marine x2  
  81  6:15  SCV x2, Orbital Command  
  83  6:23  Marine  
  84  6:25  Marine  
  84  6:27  SCV x2, Engineering Bay, Marine x2  
  84  6:29  Combat Shield  
  84  6:32  Medivac x2  
  93  6:42  Supply Depot  
  93  6:43  SCV x2  
  93  6:46  SCV  
  96  6:49  Marauder x2, Marine  
  101  7:00  Supply Depot x2  
  101  7:01  Terran Infantry Weapons Level 1  
  101  7:03  Marine  
  101  7:04  SCV x3, Supply Depot, Siege Tank  
  108  7:10  Supply Depot  
  108  7:11  Marine  
  108  7:15  Marine x2  
  109  7:18  Engineering Bay  
  109  7:21  Medivac x2  
  109  7:22  SCV x3  
  116  7:27  Supply Depot, Marine  
  117  7:31  Marine  
  117  7:33  Marine x2  
  117  7:34  SCV x3  
  123  7:41  Barracks  
  123  7:44  Barracks  
  123  7:46  SCV x3  
  126  7:51  Marine x3  
  126  7:52  Marine  
  126  7:58  SCV x3  
  117  8:09  Marine x3  
  116  8:16  Medivac, Siege Tank  
  116  8:17  Medivac  
  118  8:20  Armory  
  118  8:22  Refinery  
  118  8:23  Refinery  
  118  8:25  Factory  
  118  8:27  Marine x3, Terran Infantry Armor Level 1  
  117  8:31  Command Center  
  117  8:32  Barracks Reactor  
  120  8:35  Barracks Reactor x2  
  120  8:45  Marine x3  
  123  8:51  Medivac  
  123  8:52  Medivac, Barracks  
  123  8:53  Barracks  
  123  8:54  Barracks, Siege Tank  
  130  9:00  SCV x3  
  133  9:02  Marine  
  133  9:03  Marine x2  
  133  9:04  Supply Depot  
  133  9:08  Supply Depot  
  136  9:11  Siege Tank  
  136  9:12  Terran Infantry Weapons Level 2  
  136  9:13  Marine x5  
  136  9:16  Supply Depot, Marine  
  145  9:19  SCV x2  
  145  9:20  SCV, Marine  
  145  9:23  Missile Turret  
  149  9:24  Supply Depot  
  149  9:25  Marine x2  
  149  9:30  Siege Tank  
  149  9:31  Marine x4  
  152  9:35  Marine  
  152  9:36  Viking  
  159  9:38  Viking  
  159  9:39  Marine  
  159  9:44  Marine  
  159  9:45  Marine  
  164  9:46  Sensor Tower  
  164  9:53  Marine x2  
  164  9:55  Marine x2  
  164  9:58  Marine x2  
  159  10:01  Siege Tank  
  159  10:03  Marine x2  
  159  10:04  Marine  
  155  10:10  Medivac x2, Siege Tank  
  155  10:11  Marine  
  155  10:12  Barracks Reactor  
  159  10:14  Marine x5  
  159  10:16  Terran Vehicle Weapons Level 1  
  164  10:25  Terran Infantry Armor Level 2  
  164  10:26  SCV x2  
  164  10:27  SCV  
  167  10:31  Marine x6  
  167  10:35  Siege Tank  
  176  10:38  Unknown  
  176  10:48  Marine x3  
  176  10:49  Marine x3  
  176  10:51  Marine x2  
  176  10:54  SCV x2  
  176  10:55  SCV  
  179  10:57  Marine x2  
  179  11:01  Marine  
  179  11:02  Marine  
  162  11:06  Marine x3  
  162  11:07  Marine x3  
  162  11:08  Marine  
  162  11:09  Marine  
  158  11:13  Medivac  
  158  11:14  Medivac  
  158  11:15  Marine x2  
  161  11:19  Marine x2  
  161  11:24  Marine x3  
  161  11:25  Marine  
  152  11:28  Marine  
  152  11:30  Marine  
  152  11:31  Marine  
  152  11:32  Marine  
  155  11:39  SCV x3  
  158  11:43  Medivac x2  
  153  11:49  Siege Tank x2  
  153  11:51  SCV  
  162  11:54  Marine  
  162  11:55  Marine x5  
  162  11:56  Marine  
  162  11:57  Marine x2  
  162  11:58  Marine x3  
  172  12:01  Terran Infantry Weapons Level 3  
  172  12:09  Planetary Fortress  
  172  12:12  Marine x2  
  176  12:16  Marine x2  
  176  12:17  Liberator x2  
  176  12:19  Marine x3  
  176  12:20  Marine x2  
  183  12:24  Marine x2  
  183  12:26  Unknown  
  183  12:27  Marine  
  184  12:30  Marine x2  
  186  12:38  Sensor Tower  
  186  12:41  Marine  
  186  12:42  Barracks Reactor x3  
  186  12:43  Command Center  
  187  12:47  Missile Turret x2  
  187  12:48  Missile Turret  
  187  12:51  Terran Infantry Armor Level 3  
  187  13:00  Terran Vehicle Weapons Level 2  
  187  13:01  Marine x6  
  187  13:02  Marine  
  194  13:08  Marine x2  
  196  13:19  Marine x2  
  196  13:26  Marine x2  
  191  13:43  Marine x9  
  196  14:18  Medivac  
  196  14:19  Medivac, Marine x2  
  196  14:20  Marine x2  
  196  14:21  Marine x11  
  160  14:29  Siege Tank x2  
  148  14:37  Marine x2  
  148  14:38  Marine x3  
  150  14:39  Marine x10  
  163  14:48  Viking x2  
  158  14:55  Marine x2  
  158  14:56  Marine x4  
  158  14:57  Marine x9  
  160  15:01  Siege Tank  
  160  15:13  Marine x2  
  160  15:14  Marine x7  
  159  15:15  Marine x6  
  137  15:30  Marine  
  137  15:31  Marine x2  
  137  15:32  Marine x12  
  122  15:44  Siege Tank  
  122  15:48  Marine x2  
  122  15:49  Marine x2  
  126  15:50  Marine, Siege Tank  
  126  15:55  Marine x3  
  126  15:56  Marine  
  126  15:59  Marine  
  126  16:02  Marine x3  
  124  16:05  Marine  
  124  16:08  Marine x2  
  124  16:11  Marine  
  110  16:19  Marine x6  
  110  16:21  Marine  
  110  16:22  Marine  
  110  16:24  Marine  
  119  16:27  Marine  
  119  16:28  Marine x2  
  122  16:35  Siege Tank  
  122  16:39  Siege Tank  
  128  16:40  Marine x3  
  128  16:43  Marine  
  128  16:45  Marine  
  128  16:46  Marine  
  128  16:47  Marine  
  134  16:49  Marine  
  134  16:52  Orbital Command  
  136  17:03  Marine x2  
  136  17:06  Marine x3  
  136  17:07  Siege Tank  
  144  17:09  Marine x2  
  141  17:21  Marine x4  
  141  17:22  Marine  
Tags
 
Add a new tag
Caveats
  • Supply blocks, unpowered buildings, or Contaminate may cause inaccurate times.
  • Supply counts are checked every 10 seconds.